 Dungeon Crawl Stone Soup version 0.18.1-48-g4cf74bf (webtiles) character file.

11984 Peloso the Blocker (level 11, -4/99 HPs)
             Began as a Minotaur Fighter on July 16, 2016.
             Was a Priest of Okawaru.
             Slain by a vampire (9 damage)
             ... on level 11 of the Dungeon.
             The game lasted 00:26:37 (10509 turns).

Peloso the Blocker (Minotaur Fighter)              Turns: 10509, Time: 00:26:37

Health: -4/99      AC: 17    Str: 21    XL:     11   Next: 56%
Magic:  10/10      EV:  9    Int:  5    God:    Okawaru [***...]
Gold:   524        SH: 16    Dex: 13    Spells: 0 memorised, 10 levels left

rFire  . . .     SeeInvis .     A - +0 falchion (elec)
rCold  . . .     Gourm    .     H - +0 plate armour
rNeg   . . .     Faith    .     c - +0 shield
rPois  .         Spirit   .     (helmet restricted)
rElec  .         Dismiss  .     q - +1 cloak
rCorr  +         Reflect  +     (no gloves)
SustAt +         Harm     .     (no boots)
MR     .....                    v - +3 amulet of reflection
Stlth  ..........               B - ring of resist corrosion
                                i - ring of sustain attributes

@: lethally poisoned (-4 -> -6), not resistant to hostile enchantments,
extremely unstealthy
A: retaliatory headbutt, horns 2
a: Heroism, Renounce Religion


You were on level 11 of the Dungeon.
You worshipped Okawaru.
Okawaru was most pleased with you.
You were hungry.

You visited 2 branches of the dungeon, and saw 12 of its levels.

You collected 677 gold pieces.
You spent 153 gold pieces at shops.

Inventory:

Hand Weapons
 a - a +1 long sword
 n - a +0 short sword of flaming
 A - a +0 falchion of electrocution (weapon)
Armour
 c - a +0 shield (worn)
 q - a +1 cloak (worn)
 s - a +0 chain mail
 H - a +0 plate armour (worn)
Jewellery
 i - a ring of sustain attributes (left hand)
 v - a +3 amulet of reflection (around neck)
 B - a ring of resist corrosion (right hand)
 C - an uncursed amulet of guardian spirit
 I - an uncursed amulet of magic regeneration
Wands
 G - a wand of lightning (9/15)
Scrolls
 b - 2 scrolls of enchant weapon
 e - 4 scrolls of recharging
 l - 2 scrolls of enchant armour
 m - 6 scrolls of remove curse
 t - a scroll of magic mapping
 y - a scroll of fear
 E - 2 scrolls of amnesia
 J - a scroll of teleportation
 L - a scroll of identify
 N - a scroll of fog
Potions
 d - a potion of might
 j - 2 potions of agility
 k - 2 potions of cancellation
 p - 2 potions of invisibility {unknown}
 r - 2 potions of cure mutation
 w - a potion of heal wounds {unknown}
 x - a potion of mutation {unknown}
 z - a potion of brilliance {unknown}
 D - a potion of magic {unknown}
 K - a potion of haste {unknown}
 M - a potion of degeneration {unknown}
Comestibles
 f - 9 bread rations
 g - 11 meat rations
 h - 3 chunks of flesh
 o - 7 fruits
 u - 11 royal jellies
 F - a slice of pizza


   Skills:
 + Level 9.9 Fighting
 + Level 0.2(6.2) Short Blades
 + Level 10.8 Long Blades
 + Level 11.3 Armour
 + Level 6.0 Dodging
 + Level 1.0 Stealth
 + Level 11.8 Shields


You had 10 spell levels left.
You didn't know any spells.

Dungeon Overview and Level Annotations

Branches:
Dungeon (11/15)            Temple (1/1) D:4
   Lair: D:8-11         Orc: D:9-12

Altars:
Ashenzari
Cheibriados
Dithmenos
Elyvilon
Fedhas
Gozag
Kikubaaqudgha
Makhleb
Nemelex Xobeh
Okawaru
Pakellas
Qazlal
Ru
Sif Muna
Trog
Vehumet
Xom
Yredelemnul
Zin
The Shining One

Shops:
D:4 ?   D:8 (   D:11 }


Innate Abilities, Weirdness & Mutations

You reflexively headbutt those who attack you in melee.
You have a pair of horns on your head.


Message History

Something draws strength from your injuries!
You miss something. You completely miss something.
You feel sick. Something hits you. Something bites you but does no damage.
You hit something. Something hits you.
* * * LOW HITPOINT WARNING * * *
Something bites you but does no damage.
You hit something but do no damage.
You feel sick. Something hits you.
* * * LOW HITPOINT WARNING * * *
Something bites you.
* * * LOW HITPOINT WARNING * * *
Something draws strength from your injuries!
You slash something! You headbutt something. You miss something.
You feel sick.
You miss something. You headbutt something!
Something hits you but does no damage. Something bites you but does no damage.
You closely miss something. Something hits you!
* * * LOW HITPOINT WARNING * * *
Something bites you!
You die...

#......... ###### #.........
###....#### #.........
##......P..### #.........
#...P....P...## #.........
##...P.P.P.....# #.........
###...P..P%.P.P..####.........
.....P†.....{..P.P............
?....$...####@P.P.............
.....P...+ #..PP.............
......P..# #..†............[.
.....PP..####P.PP.............
......P...P.P.P÷..............
.......PP....P.÷÷.......<.....
.....%.PP.P.P.....÷...........
..P.P.P................
#.........####.........


There were no monsters in sight!

Vanquished Creatures
  3 hill giants (D:10)
  An unseen horror (D:10)
  An ugly thing (D:11)
  A queen bee (D:11)
  3 trolls
  Sigmund (D:4)
  2 wraiths (D:11)
  9 yaks
  The ghost of jesusflecha the Shooter, an amateur CeHu (D:3)
  A hungry ghost (D:9)
  A soldier ant (D:10)
  3 water moccasins
  Duvessa (D:4)
  A black bear (D:11)
  4 sky beasts
  5 orc warriors
  4 ice beasts
  A phantom (D:10)
  11 ogres
  5 centaurs
  A crocodile (D:11)
  Blork the orc (D:4)
  2 big kobolds (D:10)
  7 giant frogs
  Dowan (D:4)
  A water moccasin zombie (D:8)
  A water moccasin skeleton (D:8)
  12 killer bees
  2 howler monkeys
  7 crimson imps
  2 giant frog zombies
  2 centaur zombies
  6 hounds
  A jelly (D:11)
  6 orc priests
  5 orc wizards
  2 centaur skeletons
  6 iguanas
  7 worker ants
  3 hound zombies
  A hound skeleton (D:4)
  A worker ant zombie (D:8)
  A howler monkey skeleton (D:4)
  A river rat (D:11)
  7 adders
  4 shadow imps
  3 oozes
  An adder zombie (D:2)
  3 adder skeletons (D:2)
  6 dart slugs
  9 giant geckos
  38 orcs
  A ball python (D:2)
  2 bat skeletons (D:2)
  7 giant cockroaches
  4 goblins (D:3)
  6 hobgoblins
  23 jackals
  10 kobolds
  8 quokkas
  A ball python skeleton (D:2)
  12 bats
  5 giant newts
  3 quokka skeletons
  20 rats
  A withered plant (D:2)
312 creatures vanquished.

Vanquished Creatures (others)
  An orc (D:10)
  A fungus (D:11)
2 creatures vanquished.

Grand Total: 314 creatures vanquished

Notes
Turn   | Place    | Note
--------------------------------------------------------------
     0 | D:1      | Peloso the Minotaur Fighter began the quest for the Orb.
     0 | D:1      | Reached XP level 1. HP: 19/19 MP: 0/0
   108 | D:1      | Reached XP level 2. HP: 27/27 MP: 1/1
   499 | D:2      | Reached XP level 3. HP: 32/34 MP: 2/2
   829 | D:2      | Reached XP level 4. HP: 31/41 MP: 3/3
  1392 | D:3      | Noticed jesusflecha's ghost (amateur CeHu)
  1409 | D:3      | Killed jesusflecha's ghost
  1409 | D:3      | Reached skill level 5 in Fighting
  1409 | D:3      | Reached skill level 1 in Dodging
  1409 | D:3      | Reached skill level 5 in Shields
  1409 | D:3      | Reached XP level 5. HP: 42/48 MP: 4/4
  1773 | D:3      | Reached XP level 6. HP: 42/56 MP: 5/5
  2061 | D:4      | Found Kibun's Magic Scroll Shoppe.
  2078 | D:4      | Bought a scroll of identify for 24 gold pieces
  2078 | D:4      | Bought a scroll of magic mapping for 42 gold pieces
  2169 | D:4      | Noticed Blork the orc
  2185 | D:4      | Killed Blork the orc
  2331 | D:4      | Noticed Sigmund
  2349 | D:4      | Killed Sigmund
  2349 | D:4      | Reached skill level 5 in Long Blades
  2349 | D:4      | Reached skill level 5 in Armour
  2349 | D:4      | Reached XP level 7. HP: 32/62 MP: 6/6
  2502 | D:4      | Found a staircase to the Ecumenical Temple.
  2530 | Temple   | Entered the Ecumenical Temple
  2718 | D:4      | Noticed Duvessa
  2718 | D:4      | Noticed Dowan
  2728 | D:4      | Killed Duvessa
  2759 | D:4      | Killed Dowan
  2759 | D:4      | Reached skill level 1 in Stealth
  3250 | D:5      | Entered Level 5 of the Dungeon
  3257 | D:5      | Found an opulent altar of Gozag.
  3329 | D:5      | Reached XP level 8. HP: 62/70 MP: 7/7
  3508 | D:5      | Found an ancient bone altar of Kikubaaqudgha.
  4887 | D:7      | Found a glowing golden altar of the Shining One.
  4892 | D:7      | Found a stormy altar of Qazlal.
  4896 | D:7      | Found a shadowy altar of Dithmenos.
  5249 | D:7      | Reached XP level 9. HP: 74/79 MP: 8/8
  6191 | D:8      | Found Tibam's Antique Weapon Shop.
  6199 | D:8      | Bought a glowing falchion for 87 gold pieces
  6439 | D:8      | Noticed a troll
  6447 | D:8      | Killed a troll
  6447 | D:8      | Reached skill level 5 in Dodging
  6592 | D:9      | Found a snail-covered altar of Cheibriados.
  6790 | D:9      | Reached XP level 10. HP: 90/90 MP: 9/9
  7099 | D:9      | Found an iron altar of Okawaru.
  7684 | D:10     | Entered Level 10 of the Dungeon
  7868 | D:10     | Noticed a hill giant
  7875 | D:10     | Killed a hill giant
  8006 | D:10     | Reached skill level 10 in Armour
  8006 | D:10     | Reached skill level 10 in Shields
  8026 | D:9      | Became a worshipper of Warmaster Okawaru
  8131 | D:10     | Killed an unseen horror
  8131 | D:10     | Reached skill level 10 in Long Blades
  8146 | D:10     | Reached * piety under Okawaru
  8236 | D:10     | HP: 4/91 [orc priest/divine providence (9)]
  8795 | D:11     | Noticed a hill giant
  8834 | D:10     | Killed a hill giant
  8834 | D:10     | Reached XP level 11. HP: 57/97 MP: 10/10
  9680 | D:10     | Noticed a hill giant
  9688 | D:10     | Killed a hill giant
  9688 | D:10     | Reached ** piety under Okawaru
 10169 | D:11     | Reached *** piety under Okawaru
 10319 | D:11     | Found Nakaq's Gadget Shop.
 10465 | D:11     | Noticed a green ugly thing
 10489 | D:11     | Killed a green ugly thing
 10509 | D:11     | Slain by a vampire

Skill      XL: |  1  2  3  4  5  6  7  8  9 10 11 |
---------------+----------------------------------+-----
Fighting       | 4 5 6 7 8 9 |  9.9
Shields        | 4 5 6 7 9 10 11 | 11.8
Armour         | 4 5 6 7 8 10 11 | 11.3
Long Blades    | 3 5 7 8 10 | 10.8
Dodging        | 1 2 3 5 6 |  6.0
Stealth        | 1 |  1.0
Short Blades   | |  0.2

Action                   |  1- 3 |  4- 6 |  7- 9 | 10-12 || total
-------------------------+-------+-------+-------+-------++-------
Melee: Long sword        |    69 |   172 |   328 |       ||   569
       Headbutt          |    13 |    30 |    94 |    92 ||   229
       Falchion          |       |       |    64 |   473 ||   537
       Short sword       |       |       |       |    18 ||    18
  Use: Scroll            |       |     9 |     5 |     1 ||    15
       Potion            |       |     1 |       |     1 ||     2
  Eat: Chunk             |       |     5 |    15 |    13 ||    33
Armor: Scale mail        |    40 |    30 |       |       ||    70
       Chain mail        |       |    26 |   172 |     3 ||   201
       Plate armour      |       |       |       |   241 ||   241
Dodge: Dodged            |    29 |    33 |    95 |   127 ||   284
Block: Shield            |    57 |    63 |   232 |   401 ||   753
       Reflection        |       |       |       |     2 ||     2
